 Dungeon Crawl Stone Soup version 0.19-a0-678-ge7aab0b (webtiles) character file.

6584 sugabear the Covert (level 11, -10/56 HPs)
             Began as a Vine Stalker Gladiator on June 17, 2016.
             Was a Believer of Uskayaw.
             Mangled by a hill giant
             ... wielding a +0 giant spiked club
              (29 damage)
             ... on level 10 of the Dungeon.
             The game lasted 00:12:58 (8678 turns).

sugabear the Covert (Vine Stalker Gladiator)        Turns: 8678, Time: 00:12:59

Health: -10/56     AC:  6    Str: 20      XL:     11   Next: 1%
Magic:  0/16       EV: 16    Int:  8      God:    Uskayaw [**....]
Gold:   575        SH:  0    Dex: 15 (16) Spells: 0 memorised, 10 levels left

rFire  . . .     SeeInvis .     G - +1 short sword (elec)
rCold  . . .     Gourm    .     E - +1 leather armour {rN+}
rNeg   + . .     Faith    .     (no shield)
rPois  .         Spirit   +     F - +1 hat {MR+}
rElec  .         Dismiss  .     H - +0 cloak
rCorr  .         Reflect  .     (no gloves)
SustAt .         Harm     .     (no boots)
MR     +++..                    (no amulet)
Stlth  +++++.....               A - ring of stealth
                                L - ring of protection from magic

@: extremely resistant to hostile enchantments, quite stealthy
A: fangs 3, regeneration 2, magic shield, antimagic bite, no device heal 3, rot
immunity
a: Stomp, Line Pass, Renounce Religion


You were on level 10 of the Dungeon.
You worshipped Uskayaw.
Uskayaw was pleased with you.
You were near starving.

You visited 1 branch of the dungeon, and saw 10 of its levels.

You collected 575 gold pieces.

Inventory:

Hand Weapons
 D - a +3 rapier
 G - a +1 short sword of electrocution (weapon)
Missiles
 d - a throwing net (quivered)
 t - 3 tomahawks of dispersal
Armour
 k - a +0 scale mail of fire resistance
 E - a +1 leather armour of positive energy (worn)
 F - a +1 hat of magic resistance (worn)
 H - a +0 cloak (worn)
Jewellery
 j - an uncursed ring of magical power
 A - a ring of stealth (right hand)
 L - a ring of protection from magic (left hand)
Wands
 c - a wand of slowing (31/48)
 q - a wand of iceblast (6/15)
 M - a wand of lightning (5/15)
 O - a wand of teleportation (5/9)
 Q - a wand of disintegration (11/24)
Scrolls
 b - 3 scrolls of blinking {unknown}
 e - 4 scrolls of identify {unknown}
 i - 5 scrolls of remove curse {unknown}
 r - 4 scrolls of enchant weapon {unknown}
 u - 3 scrolls of noise {unknown}
 y - a scroll of teleportation {unknown}
 z - 2 scrolls of amnesia {unknown}
 I - a scroll of fog {unknown}
 J - a scroll of acquirement {unknown}
 P - a scroll of vulnerability {unknown}
Potions
 l - 2 potions of heal wounds
 m - a potion of degeneration {unknown}
 o - 2 potions of curing {unknown}
 s - 2 potions of might {unknown}
 v - a potion of invisibility {unknown}
 w - a potion of cancellation {unknown}
 x - 2 potions of magic
 B - a potion of lignification {unknown}
 K - a potion of haste {unknown}
 N - a potion of mutation {unknown}
 T - a potion of cure mutation {unknown}
Books
 p - a book of the Earth

   Spells                             Type                      Level
   a - Leda's Liquefaction            Hexes/Earth                  4
   b - Bolt of Magma                  Conjuration/Fire/Earth       5
   c - Statue Form                    Transmutation/Earth          6
   d - Iron Shot                      Conjuration/Earth            6
   e - Shatter                        Earth                        9
 C - Kikubaaqudgha's Papyrus of Stolen Souls
   (You found it on level 4 of the Dungeon)

   Spells                             Type                      Level
   a - Pain                           Necromancy                   1
 S - a book of Battle

   Spells                             Type                      Level
   a - Infusion                       Charms                       1
   b - Shroud of Golubria             Charms/Translocation         2
   c - Song of Slaying                Charms                       2
   d - Spectral Weapon                Hexes/Charms                 3
   e - Regeneration                   Charms/Necromancy            3
Miscellaneous
 R - a lamp of fire (inert)
Comestibles
 a - a slice of pizza
 f - 6 bread rations
 g - 4 meat rations
 h - 2 beef jerkies
 n - 4 fruits


   Skills:
 + Level 6.1 Fighting
 + Level 7.2 Short Blades
 + Level 2.1 Throwing
 + Level 4.7 Armour
 + Level 6.7 Dodging
 + Level 8.1 Stealth
 * Level 6.2 Invocations
 + Level 0.1 Evocations


You had 10 spell levels left.
You didn't know any spells.

Dungeon Overview and Level Annotations

Branches:
Dungeon (10/15)            Temple (0/1) D:7             Orc (0/2) D:9
   Lair: D:8-11

Altars:
Ashenzari
Cheibriados
Dithmenos
Elyvilon
Fedhas
Gozag
Kikubaaqudgha
Nemelex Xobeh
Okawaru
Pakellas
Sif Muna
Trog
Uskayaw
Vehumet
Yredelemnul
Zin
The Shining One


Innate Abilities, Weirdness & Mutations

You have razor-sharp teeth.
You heal very quickly.
When hurt, damage is shared between your health and your magic reserves.
Your bite disrupts and absorbs the magic of your enemies.
Potions and wands cannot restore your health.
You are immune to rotting.


Message History

The arrow completely misses you.
You see here an arrow.
Okay, then.
You hit the hill giant.
The hill giant is lightly wounded.
The centaur shoots an arrow.
The arrow hits you! Something hits you. The hill giant barely misses you.
You can now pass through a line of other dancers.
Unknown command.
Throwing (i - inventory. (,) - cycle):
d - 2 throwing nets (quivered)
Press: ? - help, Shift-Dir - straight line, f - centaur
Aim: a centaur, wielding a shortbow You throw a throwing net.
The throwing net hits the centaur.
The centaur is caught in the net!
Something hits you.
The centaur struggles against the net.
You closely miss something. You bite something.
Something hits you but does no damage.
The centaur struggles against the net.
The hill giant hits you with a giant spiked club!!
Ouch! That really hurt!
You die...

#.# ###.# #...#
#...#
####.(.####.
#>..........
#(......:.#
####...C.....#
#...(.(@...c.#
#.####..†.#....
......# .##
###...## #....
##.... ##.#.#
....


You could see a hill giant and a centaur (caught).

Vanquished Creatures
  Erolcha (D:8)
  The ghost of LogicNinja the Covert, a novice VSAs (D:4)
  Prince Ribbit (D:6)
  Eustachio (D:4)
  6 yaks (D:9)
  2 hippogriffs (D:8)
  4 orc warriors
  4 ice beasts
  3 ogres
  4 centaurs
  2 big kobolds
  4 giant frogs
  2 wyvern zombies
  2 gnoll sergeants (D:8)
  4 killer bees
  2 scorpions
  2 giant frog zombies
  2 crimson imps
  2 centaur zombies
  A quasit (D:10)
  6 hounds
  A centaur skeleton (D:9)
  4 orc priests
  A gnoll shaman (D:8)
  11 orc wizards
  4 giant frog skeletons
  3 iguanas
  11 worker ants
  A hound zombie (D:7)
  2 hound skeletons (D:6)
  Robin (D:3)
  A howler monkey skeleton (D:5)
  13 gnolls
  8 adders
  2 shadow imps
  3 oozes
  2 adder skeletons
  5 worms
  A dart slug (D:2)
  6 giant geckos
  35 orcs
  3 ball pythons
  6 bats
  6 giant cockroaches
  13 goblins
  10 hobgoblins
  9 jackals
  23 kobolds
  6 quokkas
  A giant gecko skeleton (D:5)
  2 giant newts
  A jackal skeleton (D:6)
  A quokka skeleton (D:4)
  2 rats
254 creatures vanquished.

Vanquished Creatures (others)
  An orc (D:6)
1 creature vanquished.

Grand Total: 255 creatures vanquished

Notes
Turn   | Place    | Note
--------------------------------------------------------------
     0 | D:1      | sugabear the Vine Stalker Gladiator began the quest for the Orb.
     0 | D:1      | Reached XP level 1. HP: 11/11 MP: 2/2
   185 | D:1      | Reached XP level 2. HP: 10/15 MP: 1/3
   716 | D:2      | Reached XP level 3. HP: 14/18 MP: 2/4
   726 | D:2      | Found a sparkling altar of Nemelex Xobeh.
   822 | D:2      | Found an oddly glowing altar of Pakellas.
   827 | D:2      | Found a glowing silver altar of Zin.
   835 | D:2      | Found a blossoming altar of Fedhas.
   915 | D:2      | Found a bloodstained altar of Trog.
  1136 | D:2      | Reached XP level 4. HP: 23/23 MP: 5/5
  1168 | D:2      | Reached skill level 1 in Armour
  1426 | D:3      | Reached XP level 5. HP: 19/26 MP: 4/6
  1461 | D:3      | Found a sparkling altar of Nemelex Xobeh.
  1466 | D:3      | Found an opulent altar of Gozag.
  1514 | D:3      | Reached skill level 1 in Stealth
  1617 | D:3      | Noticed Robin
  1668 | D:3      | Killed Robin
  1986 | D:4      | Noticed LogicNinja's ghost (novice VSAs)
  2033 | D:4      | Found a shadowy altar of Dithmenos.
  2075 | D:4      | Gained mutation: You heal very quickly. [Vine Stalker growth]
  2075 | D:4      | Reached XP level 6. HP: 26/32 MP: 7/7
  2250 | D:4      | Killed LogicNinja's ghost
  2250 | D:4      | Reached XP level 7. HP: 36/36 MP: 8/8
  2332 | D:4      | Found a hide-covered altar of Uskayaw.
  2344 | D:4      | Became a worshipper of Uskayaw the Reveler
  2358 | D:4      | Found a white marble altar of Elyvilon.
  2358 | D:4      | Found an iron altar of Okawaru.
  2377 | D:4      | Reached * piety under Uskayaw
  2475 | D:4      | Found an ancient bone altar of Kikubaaqudgha.
  2479 | D:4      | Found a deep blue altar of Sif Muna.
  2480 | D:4      | Found a radiant altar of Vehumet.
  2483 | D:4      | Identified Kikubaaqudgha's Papyrus of Stolen Souls
  2517 | D:5      | Entered Level 5 of the Dungeon
  2517 | D:5      | Noticed Eustachio
  2625 | D:4      | Reached ** piety under Uskayaw
  2795 | D:4      | Reached *** piety under Uskayaw
  2796 | D:4      | Killed Eustachio
  2796 | D:4      | Reached skill level 5 in Short Blades
  2796 | D:4      | Reached skill level 1 in Invocations
  2894 | D:5      | Gained mutation: You have razor-sharp teeth. [Vine Stalker growth]
  2894 | D:5      | Reached XP level 8. HP: 9/42 MP: 4/10
  3360 | D:5      | Reached **** piety under Uskayaw
  3569 | D:6      | Reached skill level 2 in Stealth
  3604 | D:6      | Noticed Prince Ribbit
  3611 | D:6      | Killed Prince Ribbit
  3695 | D:6      | Reached skill level 3 in Stealth
  3695 | D:6      | Reached XP level 9. HP: 43/46 MP: 12/12
  3842 | D:6      | Found a basalt altar of Yredelemnul.
  3852 | D:6      | Noticed a profane servitor
  3965 | D:6      | Found a glowing golden altar of the Shining One.
  3967 | D:6      | Noticed an angel
  4568 | D:7      | Reached skill level 4 in Stealth
  4612 | D:7      | Reached skill level 5 in Dodging
  4726 | D:7      | Found a staircase to the Ecumenical Temple.
  5059 | D:7      | Found a snail-covered altar of Cheibriados.
  5510 | D:8      | Reached skill level 5 in Fighting
  5540 | D:8      | Reached skill level 5 in Stealth
  5897 | D:8      | Reached XP level 10. HP: 20/51 MP: 7/14
  6024 | D:8      | Reached skill level 5 in Invocations
  6027 | D:8      | Reached skill level 6 in Stealth
  6033 | D:8      | Reached ***** piety under Uskayaw
  6421 | D:8      | Noticed Erolcha
  6436 | D:8      | Killed Erolcha
  7067 | D:8      | Reached skill level 7 in Stealth
  7399 | D:9      | Found a staircase to the Orcish Mines.
  7485 | D:9      | Found a shattered altar of Ashenzari.
  8405 | D:10     | Entered Level 10 of the Dungeon
  8467 | D:10     | Reached skill level 8 in Stealth
  8490 | D:9      | HP: 2/53 [poisoned by a killer bee]
  8491 | D:9      | Reached XP level 11. HP: 3/56 MP: 12/16
  8495 | D:9      | HP: 1/56 [poisoned by a killer bee]
  8501 | D:9      | HP: 2/56 [poisoned by a killer bee]
  8668 | D:10     | Noticed a hill giant
  8678 | D:10     | Mangled by a hill giant

Vault maps used:
D:1:      dpeg_arrival_central, minmay_misc_feat_plants
D:2:      lemuel_coloured_pillars_altar, grunt_temple_overflow_open,
          first_bread, nemelex_diamond_rough_becter
D:3:      grunt_temple_overflow_opulence, uniq_robin
D:4:      grunt_temple_overflow_magic_moments,
          gammafunk_temple_overflow_elements, kennysheep_little_box,
          eat_drink_and_be_merry_uskayaw
D:5:      uniq_eustachio
D:6:      grunt_temple_overflow_holy_war, hangedman_decor_diamond_cutter,
          uniq_prince_ribbit1
D:7:      cheibrodos_worm_habitat, minmay_temple_entry_junction
D:8:      kennysheep_housing_project, uniq_erolcha
D:9:      kennysheep_mini, orc_0_dummy
D:10:     basic_altar, hangedman_tell_no_tales, lemuel_blue_sif_altar

Skill      XL: |  1  2  3  4  5  6  7  8  9 10 |
---------------+-------------------------------+-----
Throwing       | 2 |  2.1
Fighting       | 2 3 4 5 6 |  6.1
Short Blades   | 3 4 5 6 7 |  7.2
Dodging        | 3 4 5 6 |  6.7
Armour         | 1 2 3 4 |  4.7
Stealth        | 1 3 5 8 |  8.1
Invocations    | 2 3 4 6 |  6.2
Evocations     | |  0.1

Action                   |  1- 3 |  4- 6 |  7- 9 | 10-12 || total
-------------------------+-------+-------+-------+-------++-------
Melee: Rapier            |    88 |       |    54 |       ||   142
       Bite              |    19 |    76 |   118 |    79 ||   292
       Short sword       |    14 |   244 |   269 |   225 ||   752
Throw: Throwing net      |       |       |     2 |     1 ||     3
Invok: Line Pass         |       |       |     3 |     1 ||     4
       Stomp             |       |       |       |     1 ||     1
Evoke: Wand              |       |     2 |     1 |       ||     3
       Lamp of fire      |       |       |       |     1 ||     1
  Use: Potion            |       |       |       |     2 ||     2
 Stab: Paralysed         |       |       |     9 |     2 ||    11
       Sleeping          |       |       |    10 |     8 ||    18
       Distracted        |       |       |       |     2 ||     2
  Eat: Chunk             |       |     5 |    11 |     7 ||    23
       Royal jelly       |       |       |       |     1 ||     1
Armor: Leather armour    |    38 |       |    41 |    30 ||   109
       Scale mail        |    11 |    75 |     9 |       ||    95
Dodge: Dodged            |    84 |    82 |   173 |   191 ||   530
